Map: King's Cove LE

Players

Northstar

  • Race: Protoss Protoss
  • League: Master
  • Spawn Location: 5:00

Mez - Winner!

  • Race: Terran Terran
  • League: Master
  • Spawn Location: 11:00

VOD

Have the link to the VOD?

Description

Time

  • Played on: July 28, 2019, 12:56 a.m.
  • Length: 13:22
Show
View Real Time Build Order
Export as new Build Order

Northstar Protoss 

Build Orders: 1 Gate Expand, Oracle Opening, Phoenix Opening 

Get SALT Encoding   

  12  0:05  Probe  
  13  0:17  Probe  
  13  0:19  Pylon  
  14  0:29  Probe  
  15  0:37  Probe, Gateway  
  16  0:45  Probe  
  16  0:49  Assimilator  
  17  0:56  Probe  
  18  1:08  Probe  
  19  1:29  Nexus  
  19  1:41  Cybernetics Core  
  19  1:48  Probe  
  20  1:55  Pylon  
  20  1:58  Assimilator  
  20  2:00  Probe  
  20  2:07  Adept  
  21  2:08  Probe  
  22  2:16  Probe  
  24  2:27  Stargate  
  24  2:29  Probe  
  25  2:39  Adept  
  25  2:41  Probe  
  28  2:54  Probe  
  28  2:55  Probe  
  30  2:58  Warp Gate  
  30  3:05  Oracle  
  30  3:06  Probe  
  30  3:07  Probe  
  32  3:18  Probe  
  37  3:20  Probe  
  37  3:30  Probe x2  
  37  3:31  Pylon  
  39  3:38  Probe  
  39  3:42  Probe, Phoenix  
  43  3:51  Probe, Adept  
  43  3:54  Probe  
  47  3:58  Gateway  
  47  4:00  Gateway  
  47  4:03  Probe  
  47  4:06  Probe  
  47  4:09  Phoenix  
  51  4:26  Probe x2  
  53  4:31  Assimilator  
  53  4:32  Assimilator  
  53  4:39  Pylon  
  53  4:40  Pylon  
  53  4:47  Shield Battery  
  53  4:54  Probe, Phoenix  
  53  4:57  Probe  
  53  4:59  Adept x3  
  63  5:07  Nexus  
  63  5:11  Pylon  
  63  5:13  Pylon  
  63  5:14  Probe x2  
  65  5:35  Probe x2  
  67  5:40  Pylon  
  67  5:46  Forge  
  67  5:47  Probe x2  
  67  5:48  Twilight Council  
  67  5:49  Sentry  
  71  5:50  Sentry x2  
  71  5:52  Robotics Facility  
  71  5:54  Protoss Ground Weapons Level 1  
  75  5:58  Probe x2  
  75  6:01  Pylon x2  
  75  6:02  Resonating Glaives  
  75  6:04  Phoenix  
  77  6:06  Probe x2  
  79  6:16  Probe x2  
  79  6:17  Adept x3  
  87  6:21  Probe  
  90  6:33  Phoenix  
  92  6:52  Probe  
  92  6:53  Probe x2  
  95  6:57  Shield Battery  
  95  7:02  Robotics Bay  
  95  7:06  Gateway  
  95  7:07  Probe  
  95  7:08  Probe, Gateway  
  97  7:09  Gateway  
  97  7:10  Observer  
  98  7:16  Pylon  
  98  7:18  Pylon  
  98  7:28  Adept x3  
  104  7:47  Colossus  
  104  7:49  Assimilator, Adept x3  
  104  7:50  Protoss Ground Weapons Level 2  
  110  7:51  Extended Thermal Lance, Assimilator  
  116  8:00  Adept  
  116  8:04  Pylon x2  
  118  8:06  Pylon x2  
  118  8:07  Adept x2  
  122  8:13  Gateway  
  122  8:14  Gateway  
  122  8:18  Adept x3  
  128  8:25  Adept  
  130  8:31  Colossus  
  130  8:48  Templar Archives  
  136  8:55  Probe x2  
  137  8:56  Probe  
  137  8:58  Charge  
  139  9:04  Adept x2  
  139  9:05  Adept x4  
  139  9:06  Nexus  
  139  9:07  Probe  
  139  9:08  Probe x2, Pylon  
  154  9:10  Pylon  
  154  9:12  Pylon  
  154  9:16  Psionic Storm  
  154  9:19  Probe, Colossus  
  161  9:32  Photon Cannon x2  
  161  9:34  Photon Cannon  
  161  9:35  Shield Battery  
  161  9:38  High Templar x2  
  161  9:40  Zealot x2  
  161  9:42  Archon  
  169  9:49  Zealot  
  169  9:50  Zealot x3  
  177  10:06  Colossus  
  177  10:18  High Templar  
  177  10:19  High Templar x2  
  189  10:21  Zealot x3  
  189  10:24  High Templar  
  189  10:25  Zealot  
  199  10:31  Assimilator, Gateway  
  199  10:33  Gateway  
  199  10:34  Gateway  
  199  10:36  Assimilator, Gateway  
  159  11:06  Zealot x4  
  159  11:11  Fleet Beacon  
  166  11:16  High Templar x2  
  166  11:17  Zealot x2  
  174  11:22  Pylon, Stargate  
  174  11:24  Pylon  
  174  11:30  High Templar x2  
  174  11:31  Zealot x5  
  174  11:32  Zealot  
  190  11:34  Photon Cannon  
  190  11:35  Photon Cannon  
  190  11:36  Photon Cannon  
  190  11:51  Photon Cannon  
  190  11:52  Photon Cannon  
  190  11:55  Photon Cannon  
  188  12:13  Archon x2  
  86  12:28  High Templar x5  
  86  12:29  High Templar x4  
  84  12:31  Zealot x3  
  84  12:32  Archon  
  84  12:33  Archon x2  
  86  12:56  Zealot x3  
  84  13:03  Zealot x5  
  84  13:04  Zealot x4  
Show
View Real Time Build Order
Export as new Build Order

Mez Terran - Winner!

Build Orders: Reaper Expand 

Get SALT Encoding   

  12  0:00  SCV  
  13  0:13  SCV  
  14  0:18  Supply Depot  
  14  0:25  SCV  
  15  0:40  SCV  
  15  0:41  Barracks  
  16  0:45  Refinery  
  16  0:52  SCV  
  17  1:04  SCV  
  18  1:16  SCV  
  19  1:31  Reaper, Orbital Command  
  20  1:47  Command Center  
  20  1:57  SCV  
  21  2:04  Barracks  
  21  2:12  SCV  
  21  2:14  Barracks Reactor  
  22  2:21  Supply Depot  
  22  2:29  SCV  
  23  2:30  Barracks  
  23  2:37  Engineering Bay  
  23  2:42  SCV  
  24  2:53  Marine x2, Barracks Tech Lab  
  24  2:55  SCV  
  27  3:01  Orbital Command  
  27  3:06  Terran Infantry Weapons Level 1  
  27  3:11  SCV  
  28  3:13  Combat Shield  
  28  3:23  Missile Turret  
  28  3:25  Marine  
  28  3:26  Marine x2  
  31  3:29  Marine  
  32  3:37  SCV  
  32  3:38  SCV  
  34  3:41  Missile Turret  
  34  3:49  SCV  
  34  3:50  SCV, Marine x2  
  34  3:52  Marine x2  
  40  4:01  SCV  
  40  4:02  SCV  
  42  4:11  Marine x4  
  45  4:19  SCV  
  46  4:24  SCV  
  46  4:25  Supply Depot  
  46  4:31  Command Center  
  46  4:35  Barracks Tech Lab  
  46  4:37  Stimpack  
  46  4:46  SCV x2, Marine x3  
  46  4:48  Factory  
  46  4:49  Supply Depot  
  51  4:56  Marine  
  51  4:59  SCV x2  
  54  5:00  Refinery  
  54  5:01  Refinery  
  54  5:10  Marine x3  
  54  5:11  SCV x2  
  58  5:23  SCV x2  
  58  5:27  Marine  
  58  5:28  Marine  
  59  5:35  SCV x2, Factory Reactor  
  62  5:40  Starport  
  59  5:44  Terran Infantry Armor Level 1  
  59  5:45  Supply Depot  
  59  5:48  Marine x2  
  59  5:49  Marine, Marauder  
  64  5:53  SCV x2  
  64  5:54  Barracks  
  64  5:55  Barracks  
  66  6:02  Refinery  
  66  6:05  SCV x2  
  66  6:08  Supply Depot  
  66  6:09  Marine x2  
  66  6:10  Marauder  
  72  6:13  Orbital Command  
  72  6:17  SCV  
  73  6:26  Medivac x2  
  73  6:30  SCV  
  73  6:31  SCV  
  79  6:34  Supply Depot  
  79  6:35  Supply Depot  
  79  6:38  Engineering Bay, SCV  
  79  6:39  Armory  
  80  6:43  SCV x2  
  79  6:49  Marine x2  
  79  6:51  Barracks Reactor, Barracks Tech Lab  
  80  6:57  Missile Turret  
  80  6:59  SCV x3  
  80  7:00  Medivac  
  85  7:04  Medivac  
  87  7:11  SCV x3  
  87  7:13  Marauder x2  
  87  7:14  Marine x2, Marauder  
  98  7:21  Refinery  
  97  7:23  SCV  
  97  7:27  SCV  
  97  7:28  SCV  
  100  7:32  Marine, Terran Infantry Weapons Level 2  
  100  7:35  SCV  
  102  7:40  SCV x2  
  102  7:41  Command Center  
  102  7:44  Marine  
  102  7:45  Marine x2, Marauder x2  
  109  8:07  Supply Depot  
  109  8:08  Supply Depot x2  
  109  8:09  Barracks  
  109  8:10  Barracks  
  109  8:11  Barracks  
  109  8:14  Supply Depot  
  109  8:15  Supply Depot  
  109  8:28  Marine x4, Medivac x2  
  109  8:30  Marine  
  109  8:31  Marauder x2  
  122  8:35  SCV x3  
  125  8:46  Factory, Marine  
  125  8:47  Refinery  
  126  8:51  Ghost Academy  
  126  8:53  Supply Depot  
  126  8:55  Supply Depot  
  126  8:56  Marine  
  126  8:57  Marine x5  
  126  8:58  Medivac x2  
  126  9:00  Barracks Reactor  
  126  9:01  Barracks Tech Lab x2  
  136  9:04  Supply Depot  
  136  9:05  Terran Infantry Armor Level 2, Supply Depot  
  136  9:15  Planetary Fortress  
  136  9:19  Missile Turret  
  136  9:23  Marine  
  136  9:24  Marine x3, Marauder  
  144  9:26  Ghost x2  
  144  9:30  Ghost  
  148  9:42  Marauder, Medivac  
  148  9:45  SCV x3  
  155  9:50  Marine x6, Marauder  
  163  9:55  Marine, Marauder  
  163  9:57  SCV  
  163  9:59  Missile Turret x2  
  167  10:05  Missile Turret  
  167  10:06  Marauder x2  
  167  10:07  Marine, Medivac  
  173  10:08  Marine x2  
  173  10:11  Marauder  
  173  10:12  Medivac  
  180  10:16  Marine, Marauder  
  180  10:17  Marauder  
  185  10:24  Command Center  
  185  10:25  Command Center  
  166  11:02  Ghost x3  
  166  11:03  Marine x3  
  173  11:05  Medivac x2  
  173  11:10  Marine x2  
  173  11:11  Marine  
  174  11:23  Personal Cloaking  
  174  11:28  Refinery x2  
  174  11:35  Medivac  
  176  11:42  Orbital Command  
  176  11:43  Sensor Tower  
  176  11:59  Marine, Marauder x4  
  176  12:00  Marine x3  
  162  12:17  Marine  
  162  12:18  Marauder  
  147  12:27  Marauder x4  
  147  12:28  Marine x5  
  147  12:29  Medivac x2  
  154  12:32  Planetary Fortress  
  154  12:33  SCV x2  
  156  12:39  Command Center, Marauder  
  158  12:45  Command Center x2  
  158  12:48  Marauder  
  155  13:00  Marine  
  155  13:01  Marine x2, Marauder x2  
  155  13:02  Marine x3  
Tags
 
Add a new tag
Caveats
  • Supply blocks, unpowered buildings, or Contaminate may cause inaccurate times.
  • Supply counts are checked every 10 seconds.